[Event "15th Tashkent Open Agzamov 2022"]
[Site "Tashkent"]
[Date "2022.05.06"]
[Round "4.4"]
[White "Mchedlishvili, Mikheil"]
[Black "Abdurakhmonov, Mukhammadali"]
[Result "1/2-1/2"]
[ECO "A47"]
[WhiteElo "2595"]
[BlackElo "2308"]
[Annotator "TA"]
[PlyCount "41"]
[EventDate "2022.05.05"]
[EventType "swiss"]
[EventCountry "UZB"]
[SourceTitle "playchess.com"]
[Source "ChessBase"]
[SourceQuality "1"]
[TimeControl "5400+30"]

1. d4 d5 2. Nf3 Nf6 3. Bf4 e6 4. e3 Be7 5. Nbd2 Nbd7 6. h3 O-O 7. Bd3 b6 8. c3 Bb7 9. Qb1 {[%emt 0:01:41] [#] A47: 1 d4 Nf6 2 Nf3 b6: Torre, London and Colle Systems.} Kh8 $146 ({Predecessor:} 9... c5 10. O-O Re8 11. a4 a6 12. Ne5 h6 13. b4 cxb4 14. cxb4 Nxe5 15. dxe5 Nd7 16. a5 bxa5 17. bxa5 Nc5 18. Bc2 {0-1 (48) Korchmar,V (2451)-Yoo,C (2455) Chess.com INT 2021}) 10. g4 Bd6 (10... c5 $11 {remains equal.}) 11. Bxd6 $16 {[%emt 0:11:07] White is better.} cxd6 12. g5 Ne8 (12... Nh5 $14) 13. h4 {[%emt 0:10:02] White is more active.} (13. Bxh7 $16 {Threatens to win with h4.} e5 14. Bf5) 13... e5 $14 14. Bf5 e4 15. Ng1 g6 16. Bxd7 (16. Bg4 $14) 16... Qxd7 $15 17. Nh3 f6 18. Qd1 fxg5 {[%emt 0:01:39] Black is slightly better.} 19. hxg5 Ng7 20. Nf4 {[%emt 0:10:32] [#] aiming for Nxg6+.} Qf5 21. Qe2 $1 {[%emt 0:26:30] Weighted Error Value: White=0.27 (precise) /Black=0.22 (precise)} 1/2-1/2

[Event "15th Tashkent Open Agzamov 2022"]
[Site "Tashkent"]
[Date "2022.05.06"]
[Round "4.5"]
[White "Nigmatov, Ortik"]
[Black "Romanov, Evgeny"]
[Result "1/2-1/2"]
[ECO "C16"]
[WhiteElo "2463"]
[BlackElo "2573"]
[Annotator "TA"]
[PlyCount "125"]
[EventDate "2022.05.05"]
[EventType "swiss"]
[EventCountry "UZB"]
[SourceTitle "playchess.com"]
[Source "ChessBase"]
[SourceQuality "1"]
[TimeControl "5400+30"]

1. e4 e6 2. d4 d5 3. Nc3 Bb4 4. e5 b6 5. Qg4 Bf8 6. Nf3 Ne7 {[%emt 0:03:44] [#] C16: French: 3 Nc3 Bb4 4 e5: Lines without ...c5.} 7. Nh4 $146 (7. Be3 $14 {should be considered.}) ({Predecessor:} 7. Bg5 Nbc6 8. a3 Bb7 9. Bd3 Qd7 10. b4 h6 11. Bd2 O-O-O 12. Ne2 f5 13. exf6 gxf6 14. Nf4 {1-0 (43) Vidit,S (2711)-Cvek,R (2518) Czech Republic 2018}) 7... c5 $11 8. Bg5 Qd7 9. Bxe7 h5 10. Qg3 Qxe7 11. O-O-O Bb7 12. Bb5+ Kd8 (12... Nd7 $1 $14) 13. dxc5 $1 $16 Qxc5 (13... a6 $142 14. c6 Nxc6) 14. Qf4 $36 {[%emt 0:02:27][%mdl 2048] White is in control.} a6 {[%emt 0:07:11] [#]} 15. Qxf7 $1 Qe7 {[%emt 0:01:11] [#]} 16. Qxe7+ {[%emt 0:11:42] Chess con chili.} ({White should try} 16. Be8 $1 $18 {[%mdl 512] And now Ng6 would win.} Bc6 17. Ng6 Bxe8 18. Qxe7+ (18. Nxe7 $2 Bxf7 19. Nexd5 exd5 $19) 18... Bxe7 19. Nxh8) 16... Bxe7 17. Ng6 Rh6 18. Bd3 Bc5 19. Rhf1 Nc6 20. a3 {[%emt 0:00:12] Against Nb4} b5 21. Ne2 b4 22. a4 (22. Nef4 $142 Kd7 23. axb4 Bxb4 24. c3) 22... b3 23. Nef4 {[%emt 0:00:45] Pair of Knights!} Kd7 24. Bf5 Nd8 $1 $14 25. Bh3 bxc2 26. Kxc2 (26. Rd2 $5 ) 26... Ke8 27. Rd3 ({Of course not} 27. Bxe6 Rxg6 28. Bxd5 (28. Nxg6 Nxe6 29. g3 Bc6 $17) 28... Rb6 $11) (27. g4 $1 $14) 27... d4 $11 28. Re1 {[%emt 0:00:28] Inhibits Be4.} (28. b4 $11 Bxb4 29. Rxd4 Rc8+ 30. Kb3) 28... h4 (28... Kf7 $15 {keeps the upper hand.} 29. Rg3 Bb4) 29. Bg4 Kf7 30. Kb1 {[%emt 0:01:13] 0x0.002c8bc13598dp-1022s more active pieces.} Rc8 (30... Rxg6 $2 31. Bh5 $18) 31. Bf3 ({White should play} 31. a5 $16) 31... Ba7 (31... Rxg6 $2 32. Bh5 $18) (31... Bxf3 $11 {is more appropriate.} 32. Rxf3 Rxg6) 32. Bg4 Rc4 (32... Rxg6 $2 33. Bh5 $18) (32... Bc5 $1 $11) 33. a5 $16 ({Resist} 33. b3 Rb4 $14) 33... Bc6 (33... Rxg6 $2 34. Bh5 $18) 34. h3 Bc5 (34... Rxg6 $2 35. Bh5 $18) 35. b3 ({Better is} 35. g3 $16) 35... Rc3 $2 (35... Rb4 $1 $11 {and Black stays safe.}) 36. Rxc3 $18 dxc3 37. Kc2 $1 Bd4 {[%emt 0:00:45] [#]} (37... Rxg6 $2 38. Bh5 $18) (37... Bb4 $16) 38. f3 (38. Kd3 $1 $18 Bxf2 39. Rd1) 38... Bd7 $16 (38... Rxg6 $2 39. Bh5 $18) 39. Ne2 Nc6 $1 $11 40. Nxd4 Nxd4+ 41. Kd3 Nxb3 42. Kxc3 Nxa5 43. Rd1 Bb5 44. Nf4 Nc4 {[%emt 0:00:20] Inhibits Rd6.} 45. Re1 Nb6 46. Kd4 g5 47. Nxe6 Rxe6 48. Bxe6+ Kxe6 49. g3 {[%emt 0:00:59] aiming for gxh4.} hxg3 50. Rg1 Nd7 51. Rxg3 Nxe5 52. Ke3 $1 Kf5 {[%emt 0:00:21] White must now prevent ...a5.} 53. Rg1 (53. Rxg5+ $1 $11 Kxg5 54. f4+ Kg6 55. fxe5) 53... Nd3 (53... Ng6 $15 54. Ra1 Ne5) 54. h4 gxh4 {[%emt 0:00:16] Threatens to win with ...Ne5.} 55. Rg4 $1 Ne1 ({Don't play} 55... h3 $6 56. Rh4 $17) 56. Rf4+ $2 {[%emt 0:01:16] [#]} (56. Rg1 $1 $15 Nc2+ 57. Kd2) 56... Kg5 $2 (56... Ke6 $1 $19 57. Re4+ Kd6 58. Rd4+ Kc5) 57. Rg4+ Kh5 58. Rg7 Nd3 59. f4 {[%emt 0:00:51] The position is equal.} h3 60. Rh7+ Kg4 61. Rg7+ $1 Kf5 62. Rg5+ Kf6 63. Rh5 {[%emt 0:01:56] Weighted Error Value: White=0.26 (precise) /Black=0.27 (precise)} 1/2-1/2

[Event "15th Tashkent Open Agzamov 2022"]
[Site "Tashkent"]
[Date "2022.05.06"]
[Round "4.6"]
[White "Van Foreest, Lucas"]
[Black "Agmanov, Zhandos"]
[Result "1/2-1/2"]
[ECO "E06"]
[WhiteElo "2572"]
[BlackElo "2420"]
[Annotator "TA"]
[PlyCount "160"]
[EventDate "2022.05.05"]
[EventType "swiss"]
[EventCountry "UZB"]
[SourceTitle "playchess.com"]
[Source "ChessBase"]
[SourceQuality "1"]
[TimeControl "5400+30"]

1. d4 Nf6 2. c4 e6 3. Nf3 d5 4. g3 Be7 5. Bg2 O-O 6. Nc3 c6 7. O-O a5 {[%emt 0:00:08] E06: Closed Catalan: Early deviations.} 8. Nd2 b5 {[%emt 0:01:12] [#]} 9. c5 $146 ({Predecessor:} 9. b3 Ba6 10. Bb2 bxc4 11. bxc4 Nbd7 12. Qc2 Rb8 13. Rab1 Nb6 14. c5 Nc4 15. Nxc4 Bxc4 {½-½ (47) Dubov,D (2710)-Fressinet,L (2638) chess24.com INT 2021}) 9... b4 10. Na4 Ba6 11. Re1 Nbd7 12. e4 dxe4 13. Nxe4 Nxe4 14. Bxe4 Bb5 15. Bg2 ({Much worse is} 15. Qh5 Nf6 16. Qd1 Nxe4 17. Rxe4 Qd5 $17) (15. Qc2 $5 ) 15... e5 16. Be3 exd4 17. Bxd4 Bxa4 18. Qxa4 {[%emt 0:00:09] [#] Hoping for Rad1.} Nxc5 19. Qd1 Ne6 20. Be3 (20. Bxc6 $2 Rc8 21. Bb7 Rb8 22. Rxe6 fxe6 $19) 20... Qxd1 (20... Rc8 $15) 21. Raxd1 $11 Rac8 22. Rd7 Bf6 23. b3 c5 24. Ra7 Rfd8 25. Rxa5 Nd4 26. Rf1 Ne2+ 27. Kh1 Bd4 28. Bb7 {[%emt 0:09:58] This bishop pair is nice.} Rc7 29. Bf3 Bxe3 30. Bxe2 Bd4 31. Bc4 Re7 32. Rd1 Rde8 33. Kg2 g6 34. a3 bxa3 35. Rxa3 Kg7 36. Ra6 Rb8 37. Rd2 Rbb7 38. Rda2 h5 39. Ra8 Rbd7 40. R2a6 Re1 41. R8a7 Ree7 42. Rxd7 Rxd7 {[%emt 0:00:01][%mdl 4096] Endgame KRB-KRB} 43. f4 Bf6 44. Kf3 Re7 45. Rd6 Bc3 46. Rc6 Bd4 47. h3 Re3+ 48. Kg2 h4 49. gxh4 Re4 50. f5 gxf5 51. h5 Rh4 52. Be2 Re4 53. Bf3 Re6 54. Rc7 Rd6 55. Be2 Rf6 56. Bc4 f4 57. Kf3 Be3 58. Rd7 Rf5 59. Kg4 Rf6 60. Bd5 f3 61. Bxf3 Rf4+ 62. Kg3 Rf6 63. Be4 Kh6 64. Bd5 Bf4+ (64... Kxh5 $14 65. Bxf7+ Kh6) 65. Kg2 ({White should try} 65. Kg4 $16) 65... Rd6 {[%emt 0:00:22] [#]} 66. Rxf7 (66. Rxd6+ $1 $16 Bxd6 67. Bxf7) 66... Rxd5 {[%emt 0:00:02] The position is equal.} 67. Rxf4 Kxh5 $16 {[%emt 0:01:44] KR-KR} 68. Rc4 Rd2+ 69. Kf1 Rd3 70. Rxc5+ Kg6 71. b4 {[%emt 0:01:01] And now h4 would win.} Rxh3 72. Ke2 Kf6 73. Kd2 Ke6 74. Kc2 Kd6 75. Kb2 Rg3 76. Rc2 Kd7 77. Rc4 Rh3 78. Rc3 Rxc3 79. Kxc3 Kc6 80. b5+ Kxb5 {[%emt 0:05:18] Weighted Error Value: White=0.04 (flawless) /Black=0.04 (flawless)} 1/2-1/2

[Event "15th Tashkent Open Agzamov 2022"]
[Site "Tashkent"]
[Date "2022.05.06"]
[Round "4.7"]
[White "Madaminov, Mukhiddin"]
[Black "Vakhidov, Jakhongir"]
[Result "0-1"]
[ECO "D75"]
[WhiteElo "2308"]
[BlackElo "2552"]
[Annotator "TA"]
[PlyCount "134"]
[EventDate "2022.05.05"]
[EventType "swiss"]
[EventCountry "UZB"]
[SourceTitle "playchess.com"]
[Source "ChessBase"]
[SourceQuality "1"]
[TimeControl "5400+30"]

1. d4 Nf6 2. c4 g6 3. Nc3 Bg7 4. Nf3 O-O 5. g3 d5 6. cxd5 Nxd5 7. Bg2 Nxc3 8. bxc3 c5 9. O-O cxd4 10. cxd4 Nc6 11. e3 Be6 {[%emt 0:03:04] D75: Fianchetto Grünfeld: Main Line with 7...c5.} 12. Rb1 Qd7 13. Qe2 Rac8 {[%emt 0:05:00] The position is equal.} 14. Rd1 {[%emt 0:06:25] [#]} Rfd8 $146 ({Predecessor:} 14... Bf5 15. e4 Bg4 16. Be3 Bxd4 17. e5 Qf5 18. Bxd4 Nxd4 19. Nxd4 Qxb1 20. Rxb1 Bxe2 21. Nxe2 {½-½ (40) Nepomniachtchi,I (2784)-Radjabov,T (2765) chess24.com INT 2020}) 15. Ba3 Na5 16. e4 Bc4 (16... Bg4 {keeps more tension.} 17. Rb5 Nc6 18. Rd5 Qc7) 17. Qd2 b6 18. Bb4 Nb7 19. a3 e6 20. h4 a5 21. Bc3 Qc7 (21... Nd6 $15 22. Qe3 Ba2) 22. Ba1 a4 23. h5 Nc5 24. h6 Nb3 (24... Nxe4 25. Qe3 $16) 25. Qe3 Nxa1 26. hxg7 Nb3 27. e5 (27. Bh3 $11) 27... Kxg7 $15 {[%emt 0:00:25] Threatens to win with ...Qe7.} 28. Ng5 $1 Bd5 29. Bxd5 (29. Qf4 Qe7 30. Bxd5 Rxd5 $17) 29... Rxd5 30. Kg2 (30. Ne4 $1 $15) 30... Qc2 $2 ({Black should play} 30... Rcd8 $1 $17 31. Nf3 Qb7) 31. Rh1 (31. g4 $11) 31... h5 $1 $36 {[%emt 0:00:03][%mdl 2048] Keeping White busy. Active counter play!} 32. Rbd1 {[%emt 0:00:36][%cal Og3g4] [#]} Rc3 $1 33. Qf4 Qf5 {[%emt 0:00:03] Really sharp!} 34. Qxf5 exf5 35. e6 fxe6 (35... Rxd4 36. exf7 Rxd1 37. Rxd1 $16) (35... Nxd4 36. e7 Re5 37. Rxd4 $16) 36. Nxe6+ Kf6 37. Rhe1 (37. Nf4 $142 Rd6 38. Ne2) 37... g5 $19 38. Re2 Rc6 39. Rde1 Rc1 ({Not} 39... Nxd4 $2 40. Nxd4 Rxd4 41. Re8 $19) 40. Rxc1 Nxc1 {[%emt 0:00:01][%mdl 4096] Endgame KRN-KRN} 41. Nc7 Rxd4 (41... Nxe2 $17 42. Nxd5+ Kg6 43. Ne7+ Kf7) 42. Re6+ $15 Kf7 43. Rc6 {[%emt 0:00:07] [#] Prevents Rc4.} (43. Rxb6 $15 Rd3 44. Nb5) 43... Rd1 $1 $17 {[%emt 0:00:13] ...Nd3 is the strong threat.} 44. Ne6 (44. Nb5 $17 {was worth a try.}) 44... g4 $19 {[%emt 0:00:02] And now ...Nd3 would win.} 45. Rxb6 Nd3 {[%emt 0:00:40] aiming for ...Ne1+.} 46. Ng5+ Kg7 {[%emt 0:00:36] Strongly threatening ...Rd2.} 47. Ra6 $2 (47. f4) 47... Rd2 48. Kg1 Nxf2 ({Avoid the trap} 48... Rxf2 $2 49. Rd6 Rd2 50. Ne6+ Kf7 51. Nc5 $19) 49. Ne6+ Kf7 50. Nf4 Nh3+ $2 (50... Ne4 $19 51. Ra7+ Kf6 52. Ra6+ Kg7 53. Nxh5+ Kf7 54. Rxa4 Kg6 55. Nf4+ Kg5) 51. Nxh3 $11 gxh3 {[%emt 0:00:01] KR-KR} 52. Ra7+ $2 {[%emt 0:00:29][%mdl 8192] Black keeps a firm grip on the game.} (52. Rxa4 $11 Rg2+ 53. Kh1) 52... Kf6 $19 {[%emt 0:00:09] Black is clearly winning.} 53. Rxa4 Rg2+ 54. Kh1 Rxg3 55. Kh2 Rb3 56. Ra8 Kg5 57. a4 Kh4 58. a5 Rb2+ 59. Kh1 h2 {[%emt 0:00:56] ( -> ...Kh3)} 60. Rc8 f4 61. Rc3 Ra2 62. Rc1 Kg3 63. Rb1 Rxa5 64. Rc1 f3 65. Rb1 Re5 66. Ra1 Re3 67. Rb1 f2 {[%emt 0:00:40] Weighted Error Value: White=0.32/Black=0.13 (very precise)} 0-1

[Event "15th Tashkent Open Agzamov 2022"]
[Site "Tashkent"]
[Date "2022.05.06"]
[Round "4.8"]
[White "Rakhimzhan, Alen"]
[Black "Asadli, Vugar"]
[Result "0-1"]
[ECO "E75"]
[WhiteElo "2248"]
[BlackElo "2578"]
[Annotator "TA"]
[PlyCount "150"]
[EventDate "2022.05.05"]
[EventType "swiss"]
[EventCountry "UZB"]
[SourceTitle "playchess.com"]
[Source "ChessBase"]
[SourceQuality "1"]
[TimeControl "5400+30"]

1. d4 {[%emt 0:02:17] Krasenkow,Michal} Nf6 2. c4 g6 3. Nc3 Bg7 4. e4 d6 5. Be2 O-O 6. Bg5 c5 7. d5 e6 8. Qd2 exd5 9. exd5 Qb6 10. Nf3 Bf5 11. Nh4 Ne4 12. Nxe4 Bxe4 13. f3 Qxb2 14. Rc1 $16 {[%emt 0:13:14] E75: King's Indian: Averbakh Variation: 6...c5 7 d5 e6.} Bf5 $5 {[%emt 0:19:11][%mdl 4] Exploring less charted territory.} 15. Nxf5 gxf5 16. Qxb2 $1 {[%emt 0:12:34] White is better.} Bxb2 17. Rb1 Bc3+ {[%emt 0:00:07] [#]} 18. Bd2 $146 (18. Kd1 $16) ({Predecessor:} 18. Kd1 Re8 19. Rxb7 Na6 20. a3 Rab8 21. Rxb8 Nxb8 22. Bd3 Nd7 23. Kc2 Bd4 24. Rb1 {1-0 (33) Carlsen,M (2861)-Van Wely,L (2679) Wijk aan Zee 2013 CBM 153 [Krasenkow,Michal]}) 18... Bd4 ({Black should play} 18... Bxd2+ $14 19. Kxd2 b6) 19. Bd3 (19. Bh6 $16 Rd8 20. Rxb7) 19... Nd7 $11 ({Don't take} 19... Re8+ 20. Kd1 $16) 20. Bxf5 (20. Bf4 {keeps more tension.} Ne5 21. Kd2 Rab8 22. Rhc1) 20... Ne5 21. Rc1 a6 22. f4 Ng6 23. Ke2 b5 24. Kd3 Rfb8 25. Rb1 Rb7 26. a4 Ne7 27. Be4 Rab8 (27... f5 $5 28. Bf3 Rab8 29. axb5 axb5 $11) 28. axb5 axb5 (28... f5 $5 29. Bf3 axb5 30. cxb5 Rxb5 31. Rxb5 Rxb5 $11) 29. cxb5 Rxb5 (29... f5 $5 30. Bf3 Rxb5 31. Rxb5 Rxb5 $11) 30. Rxb5 Rxb5 31. Rc1 Nc8 32. Kc4 Rb2 33. Ba5 Nb6+ 34. Bxb6 {[%emt 0:00:33] This bishop pair is nice.} Rb4+ 35. Kd3 {[%emt 0:00:58] aiming for Ba5.} Rxb6 {[%emt 0:00:07][%mdl 4096] Endgame KRB-KRB} 36. Bf3 Kg7 37. Re1 Rb3+ 38. Kc4 Rb4+ 39. Kd3 Bf6 40. Re4 Rb3+ 41. Kc2 Rb2+ 42. Kd3 Ra2 43. Kc4 Rd2 44. h3 h6 45. Re2 (45. Kb5 $11) 45... Rd4+ $15 46. Kb5 Rxf4 47. Re4 Rf5 48. Kc6 Be5 49. Rg4+ Kf8 50. Ra4 Ke7 51. Ra7+ Kf6 52. Ra4 Rg5 53. Bg4 Rg8 54. Kc7 Kg6 55. Bd7 {[%emt 0:00:56] [#]} (55. Be2 $17 {keeps fighting.}) 55... f5 $1 $19 56. Be6 Rg7+ 57. Kc6 f4 ({Black should try} 57... Kf6 58. Ra8 Kg5) 58. Bg4 $17 Kg5 59. Bf3 Rg8 60. Kc7 {[%emt 0:00:14] Against Rb8} Kh4 {[%emt 0:00:23] Hoping for ...Kg3.} 61. Re4 Kg3 {[%emt 0:00:45] Threatens to win with ...Kh2.} 62. Kd7 $2 {[%emt 0:00:32][%mdl 8192] White does not recover from this.} (62. Kc6 $17 {was the crucial defense.}) 62... Rb8 $19 63. Ke6 Rb3 64. Rxe5 $2 (64. h4 Kxh4 65. Kf5) 64... dxe5 {[%emt 0:00:07] KR-KB. Black is clearly winning.} 65. d6 c4 66. d7 {[%emt 0:00:31] [#]} Rb8 $1 {[%emt 0:00:10][%cal Oe5e4] White must now prevent ...e4!} ({Weaker is} 66... Rd3 67. Bd5 e4 68. d8=Q $18) 67. Kxe5 c3 {[%emt 0:00:16] ( -> ...c2)} 68. Be4 h5 {[%emt 0:00:45] And now ...Rd8 would win.} 69. h4 Rd8 70. Ke6 Kxh4 71. Ke7 Rb8 72. d8=Q Rxd8 73. Kxd8 Kg3 74. Ke7 h4 75. Kf6 f3 {[%emt 0:00:07] Weighted Error Value: White=0.13 (very precise) /Black=0.09 (flawless)} 0-1

[Event "15th Tashkent Open Agzamov 2022"]
[Site "Tashkent"]
[Date "2022.05.06"]
[Round "4.9"]
[White "Sanal, Vahap"]
[Black "Saydaliev, Saidakbar"]
[Result "1-0"]
[ECO "C77"]
[WhiteElo "2575"]
[BlackElo "2343"]
[Annotator "TA"]
[PlyCount "89"]
[EventDate "2022.05.05"]
[EventType "swiss"]
[EventCountry "UZB"]
[SourceTitle "playchess.com"]
[Source "ChessBase"]
[SourceQuality "1"]
[TimeControl "5400+30"]

1. e4 e5 2. Nf3 Nc6 3. Bb5 a6 4. Ba4 Nf6 5. d3 d6 6. c3 g6 7. O-O Bg7 8. Re1 O-O 9. h3 h6 {[%emt 0:09:32] C77: Ruy Lopez: 3...a6 4 Ba4 Nf6, unusual lines.} 10. Be3 Re8 11. Nbd2 b5 {[%emt 0:04:47] White has an edge.} 12. Bc2 Bb7 13. a4 Qd7 14. b4 Rad8 15. Qb1 {[%emt 0:05:41] [#]} Qc8 $146 ({Predecessor:} 15... g5 16. Nf1 Nh5 17. d4 exd4 18. Nxd4 Nxd4 19. Bxd4 Bxd4 20. cxd4 Nf4 21. axb5 axb5 {0-1 (46) Deng,T (2105)-Xu,Y (2456) Chengdu 2017}) 16. Ra3 d5 17. Nb3 {[%emt 0:02:41] Inhibits d4.} Nb8 18. axb5 axb5 19. Nc5 Bc6 20. Qa2 (20. Ra7 $16) 20... Nbd7 $11 21. Ra6 Nb6 (21... Nxc5 $11 22. Rxc6 (22. Bxc5 Qd7 $14) 22... dxe4) 22. Bb3 $16 Re7 23. Ra7 dxe4 (23... Kh7 $142) 24. dxe4 (24. Bxf7+ Rxf7 25. Nxe5 Bd5 $15) (24. Nh4 $142 {Hoping for Nxg6.} Bd5 25. Nxg6 $1 fxg6 26. Bxd5+ Nfxd5 27. dxe4) 24... Ne8 25. Nh4 {[%emt 0:01:45] 0x0.001dd85e7b9adp-1022s more active pieces.} Nc4 26. Bxc4 bxc4 27. Qxc4 {[%emt 0:01:52] Black must now prevent Nxg6.} Kh7 28. Qa6 Qxa6 29. Rxa6 Bb5 30. Ra5 $36 {[%emt 0:00:16][%mdl 2048] White is really pushing. White leaves nothing to chance now.} c6 31. Nf3 Nd6 32. Rd1 Ree8 33. Ra7 Bc4 34. Rc7 Nb5 35. Rxd8 Rxd8 36. Rxc6 {[%emt 0:00:09] Threatens to win with Nd2.} Nxc3 (36... Be2 $142 37. Na4 f5 38. exf5 gxf5) 37. Nb7 $18 {[%emt 0:00:25][%csl LRc4,LRd8] Pair of Knights!} Ne2+ 38. Kh2 Rb8 39. Rxc4 Rxb7 40. g3 {[%emt 0:00:21] Prevents Nf4.} f5 41. Kg2 fxe4 {[%emt 0:04:16] [#]} 42. Nd2 ({But not} 42. Rxe4 Nc3 43. Rc4 Nd5 $16) 42... Bf8 43. Bc5 ({Resist} 43. Rxe4 Rxb4 44. Rxe5 Nd4 $16) 43... Bxc5 44. bxc5 ({Much less strong is} 44. Rxc5 $6 Rxb4 45. Rxe5 Nc3 $14) 44... e3 {[%emt 0:00:01] [#]} (44... Nd4 45. Nxe4 Kg8 46. Nf6+ Kf7) 45. c6 $1 {[%emt 0:01:41] Weighted Error Value: White=0.10 (very precise) /Black=0.15 (very precise)} 1-0

[Event "15th Tashkent Open Agzamov 2022"]
[Site "Tashkent"]
[Date "2022.05.06"]
[Round "4.10"]
[White "Muradli, Mahammad"]
[Black "Abdisalimov, Abdimalik"]
[Result "1/2-1/2"]
[ECO "D86"]
[WhiteElo "2539"]
[BlackElo "2435"]
[Annotator "TA"]
[PlyCount "44"]
[EventDate "2022.05.05"]
[EventType "swiss"]
[EventCountry "UZB"]
[SourceTitle "playchess.com"]
[Source "ChessBase"]
[SourceQuality "1"]
[TimeControl "5400+30"]

1. d4 Nf6 2. c4 g6 3. Nc3 d5 4. cxd5 Nxd5 5. e4 Nxc3 6. bxc3 Bg7 7. Bc4 c5 8. Ne2 Nc6 9. Be3 cxd4 10. cxd4 Qa5+ 11. Bd2 Qa3 {[%emt 1:34:09] is the new trend.} 12. Rb1 O-O 13. O-O {[%emt 0:01:16] Strongly threatening d5.} Bg4 {[%emt 0:00:25] D86: Exchange Grünfeld: Classical Line (7 Bc4).} 14. f3 ({Reject} 14. Rxb7 Nxd4 15. h3 Bxe2 16. Bxe2 Qxa2 $17) (14. d5 $5 b5 {[#]} 15. Bc1 $1 $16 (15. dxc6 bxc4 16. Bb4 Qxa2 $17) (15. Rxb5 Nd4 $14)) 14... Be6 15. Bxe6 fxe6 {[%emt 0:00:04] [#] The position is equal.} 16. Bc3 $146 ({Predecessor:} 16. Rxb7 Rfd8 17. Qb1 Nxd4 18. Nxd4 Bxd4+ 19. Kh1 Bc5 20. Bh6 Qd3 21. Qe1 Rab8 22. Rxb8 Rxb8 {0-1 (38) Semmelroth,H-Lang,M corr 1990}) 16... Rfd8 17. Qb3 Qxb3 18. Rxb3 Nxd4 19. Nxd4 Bxd4+ 20. Bxd4 Rxd4 21. Rxb7 Kf7 22. Rc1 a5 {[%emt 0:00:19] Weighted Error Value: White=0.06 (flawless) /Black=0.05 (flawless)} 1/2-1/2

[Event "15th Tashkent Open Agzamov 2022"]
[Site "Tashkent"]
[Date "2022.05.07"]
[Round "5.1"]
[White "Vakhidov, Jakhongir"]
[Black "Sindarov, Javokhir"]
[Result "1/2-1/2"]
[WhiteElo "2552"]
[BlackElo "2609"]
[Annotator "TA"]
[PlyCount "16"]
[EventDate "2022.05.05"]
[EventType "swiss"]
[EventCountry "UZB"]
[SourceTitle "playchess.com"]
[Source "ChessBase"]
[SourceQuality "1"]
[TimeControl "5400+30"]

1. d4 Nf6 2. c4 g6 3. Nc3 d5 4. Nf3 Bg7 {[%emt 0:01:03] [#]} 5. Qa4+ $146 ({Predecessor:} 5. e3 O-O 6. cxd5 Nxd5 7. Bc4 Nb6 8. Bb3 c5 9. O-O cxd4 10. exd4 Nc6 11. d5 Na5 12. h3 Nxb3 13. axb3 Bxc3 14. bxc3 Qxd5 15. Bd2 f6 16. c4 Qf7 17. Be3 Bf5 18. Nd4 Bd7 19. Ra5 Rfd8 {½-½ (43) Mamedyarov,S (2771)-Duda,J (2750) Oslo 2022}) 5... Bd7 6. Qd1 Bc8 7. Qa4+ Bd7 8. Qd1 {[%emt 0:00:18] seems to push 8.Qb3 aside.} Bc8 1/2-1/2

[Event "15th Tashkent Open Agzamov 2022"]
[Site "Tashkent"]
[Date "2022.05.07"]
[Round "5.2"]
[White "Utegaliyev, Azamat"]
[Black "Bernadskiy, Vitaliy"]
[Result "1-0"]
[ECO "A25"]
[WhiteElo "2463"]
[BlackElo "2636"]
[Annotator "TA"]
[PlyCount "117"]
[EventDate "2022.05.05"]
[EventType "swiss"]
[EventCountry "UZB"]
[SourceTitle "playchess.com"]
[Source "ChessBase"]
[SourceQuality "1"]
[TimeControl "5400+30"]

1. c4 e5 2. d3 f5 3. Nc3 Nf6 4. g3 Nc6 5. Bg2 Bb4 6. Bd2 O-O 7. Nd5 Bxd2+ {[%emt 0:00:27] A25: English Opening vs King's Indian with ...Nc6 but without early d3.} 8. Qxd2 d6 9. e3 Nxd5 {[%emt 0:03:23] The position is equal.} 10. cxd5 Ne7 11. Ne2 {[%emt 0:00:56] Inhibits f4.} c6 12. dxc6 bxc6 13. O-O Be6 {[%emt 0:01:01] [#]} 14. b4 $146 ({Predecessor:} 14. d4 e4 15. Nf4 Bf7 16. b3 Qb6 17. Rac1 a5 18. f3 d5 19. Rc5 Qb4 20. Qc2 {1-0 (60) Abdalla,L (2072)-Milos,G (2593) ICC INT 2008}) 14... Rb8 15. Rfc1 Qd7 16. a3 Bd5 17. e4 Be6 18. d4 fxe4 19. dxe5 $1 d5 20. Nd4 Rf7 21. f3 exf3 22. Bxf3 Rbf8 23. Bg2 Bh3 24. Rf1 Rxf1+ $1 25. Rxf1 Rxf1+ 26. Bxf1 Bxf1 27. Kxf1 $11 {[%emt 0:11:28][%mdl 4096] Endgame KQN-KQN} Qg4 28. Qf4 Qd1+ 29. Kg2 h6 30. e6 Kh7 31. Qe3 Qb1 32. g4 {[%emt 0:01:59] Active counter play!} (32. h4 $5 ) 32... Qd1 33. Kg3 Qb1 $1 34. h4 ({Better is} 34. h3 $14) 34... Kg8 $2 {[%emt 0:09:12] This move loses the game for Black.} (34... h5 $1 $11 {and Black stays safe.}) 35. h5 {[%emt 0:02:26] Threatens to win with Nf3.} Qb2 $2 (35... g5 {was called for.} 36. Nf3 Qe4 37. Qxa7 Qxe6) 36. Nf3 Qf6 37. Qe5 ({Don't play} 37. Qxa7 $6 Qxe6 38. Qb8+ Kh7 $18) 37... Qf8 38. Qf4 {[%emt 0:01:52] aiming for Qxf8+.} Qd8 $2 (38... g5 39. Qxf8+ Kxf8) 39. g5 $18 {[%emt 0:13:18] [#] Qf7+ is the strong threat.} hxg5 40. Nxg5 {[%emt 0:00:44][%cal Oh5h6] Threatening mate with h6!} Qf8 41. Qf7+ Qxf7 42. exf7+ {[%emt 0:00:04] KN-KN} Kf8 43. Kf4 {[%emt 0:00:03] Hoping for Ke5.} Nc8 44. Kf5 {[%emt 0:00:31] Ke6 would kill now.} Ke7 45. Kg6 Nd6 {[%emt 0:00:03] [#]} 46. Ne6 $1 Nxf7 47. Nd4 Kf8 48. Nxc6 Nd6 49. a4 a6 50. Nd4 Nc4 51. a5 ({Less strong is} 51. Ne6+ Kg8 52. Kf5 (52. Nxg7 d4 $11) 52... a5 $18) 51... Kg8 52. Kf5 {[%emt 0:02:58] Strongly threatening Ke6.} Kf7 53. Nc6 Ke8 54. Ke6 Ne3 55. Nd4 {[%emt 0:00:09] And now b5 would win.} Ng4 56. b5 {[%emt 0:00:20][%cal Bb4b5,Bb5a6][%mdl 32] White mates.} Kd8 57. bxa6 Kc8 58. Kf7 Kb8 59. Nb5 {[%emt 0:00:05] Weighted Error Value: White=0.12 (very precise) /Black=0.42} 1-0